 Dungeon Crawl Stone Soup version 0.28.0-43-g3370ac3207 (webtiles) character file.

Game seed: 3786144174432608966

345 Ablot the Grasshopper (level 6, -10/51 HPs)
             Began as a Gnoll Warper on Feb 28, 2022.
             Mangled by an ice beast (11 damage)
             ... on level 4 of the Dungeon.
             The game lasted 00:08:36 (5235 turns).

Ablot the Grasshopper (Gnoll Warper)                Turns: 5235, Time: 00:08:37

Health: -10/51     AC:  8    Str: 13    XL:     6   Next: 58%
Magic:  14/14      EV: 13    Int: 12    God:
Gold:   149        SH:  0    Dex: 11    Spells: 13/15 levels left

rFire   + . .      SeeInvis .   G - staff of fire
rCold   . . .      Faith    .   (no shield)
rNeg    . . .      Spirit   .   b - +0 leather armour
rPois   .          Reflect  .   t - +0 helmet
rElec   .          Harm     .   l - +0 cloak
rCorr   .          Rampage  .   g - +0 pair of gloves
Will    .....                   w - +0 pair of boots
Stlth   ++........              (no amulet)
HPRegen 0.17/turn               (no ring)
MPRegen 0.14/turn               (no ring)

@: no status effects
A: fangs 1, strong nose, distributed training
a: no special abilities


You were on level 4 of the Dungeon.
You visited 1 branch of the dungeon, and saw 4 of its levels.

You collected 193 gold pieces.
You spent 44 gold pieces at shops.

Inventory:

Hand Weapons
 a - a +0 spear
 B - a +0 hunting sling
Missiles
 d - 5 boomerangs of dispersal
 h - 50 bolts
 i - 142 stones (quivered)
 j - 32 arrows
 o - a throwing net
 x - 4 datura-tipped darts
 z - 38 sling bullets
 F - 6 boomerangs
Armour
 b - a +0 leather armour (worn)
 g - a +0 pair of gloves (worn)
 l - a +0 cloak (worn)
 t - a +0 helmet (worn)
 w - a +0 pair of boots (worn)
Magical Staves
 G - a staff of fire (weapon)
Jewellery
 I - a ring of fire
Wands
 v - a wand of iceblast (3)
 y - a wand of acid (3)
Scrolls
 c - a scroll of blinking
 e - 5 scrolls of identify
 k - 2 scrolls of fear {unknown}
 n - a scroll of immolation {unknown}
 p - a scroll of vulnerability {unknown}
 q - a scroll of enchant armour {unknown}
 A - a scroll of amnesia {unknown}
 H - a scroll of magic mapping {unknown}
 J - a scroll of silence {unknown}
 K - a scroll of teleportation {unknown}
Potions
 f - 3 potions of curing
 m - a potion of invisibility {unknown}
 r - a potion of haste {unknown}
 s - a potion of lignification {unknown}
 u - a potion of flight {unknown}
 C - a potion of mutation {unknown}
 D - a potion of might {unknown}
 E - a potion of brilliance {unknown}


   Skills:
 + Level 5.0 Fighting
 + Level 2.0 Short Blades
 + Level 2.0 Long Blades
 + Level 2.0 Axes
 + Level 2.0 Maces & Flails
 + Level 5.0 Polearms
 + Level 2.0 Staves
 + Level 2.0 Slings
 + Level 2.0 Bows
 + Level 2.0 Crossbows
 + Level 3.3 Throwing
 + Level 3.3 Armour
 + Level 5.0 Dodging
 + Level 2.0 Stealth
 + Level 2.0 Shields
 + Level 2.0 Unarmed Combat
 + Level 5.4 Spellcasting
 + Level 1.6 Conjurations
 + Level 1.6 Hexes
 + Level 1.6 Summonings
 + Level 1.6 Necromancy
 + Level 5.7 Translocations
 + Level 1.6 Transmutations
 + Level 1.6 Fire Magic
 + Level 1.6 Ice Magic
 + Level 1.6 Air Magic
 + Level 1.6 Earth Magic
 + Level 1.6 Poison Magic
 + Level 2.2 Invocations
 + Level 2.0 Evocations


You had 13 spell levels left.
You knew the following spells:

 Your Spells              Type           Power      Damage    Failure   Level
a - Blink                 Tloc           32%        N/A       3%          2

Your spell library contained the following spells:

 Spells                   Type           Power      Damage    Failure   Level
 Gell's Gravitas          Tloc           16%        N/A       7%          3
 Lesser Beckoning         Tloc           16%        N/A       7%          3
 Teleport Other           Tloc           16%        N/A       7%          3
 Ensorcelled Hibernation  Hex/Ice        14%        N/A       19%         2
 Passwall                 Tmut/Erth      5%         N/A       19%         2
 Static Discharge         Conj/Air       7%         N/A       19%         2
 Swiftness                Air            7%         N/A       36%         3
 Manifold Assault         Tloc           16%        N/A       54%         5
 Lightning Bolt           Conj/Air       3%         1d15      98%         5
 Maxwell's Capacitive Co  Air            3%         ∞         100%        8


Dungeon Overview and Level Annotations

Branches:
Dungeon (4/15)
 Temple: D:4-7

Altars:
Cheibriados

Shops:
D:1 ?*(?

Annotations:
D:4 2 runed translucent doors, exclusions: 4 doors and steam dragon


Innate Abilities, Weirdness & Mutations

You have very sharp teeth.
Your uncanny sense of smell can sniff out nearby items.
Your experience applies equally to all skills.


Message History

The ice beast freezes you!
* * * LOW HITPOINT WARNING * * *
You hit the ice beast but do no damage.
The ice beast is moderately wounded.
The orc wizard barely misses you.
The ice beast hits you but does no damage.
You hit the ice beast.
The ice beast is moderately wounded.
The orc wizard hits you but does no damage.
The ice beast hits you but does no damage.
The orc wizard hits you but does no damage.
You hit the ice beast but do no damage.
You punch the ice beast, but do no damage.
The ice beast is moderately wounded.
The ice beast hits you but does no damage.
The orc wizard hits you but does no damage.
You hit the ice beast but do no damage.
The ice beast is moderately wounded.
The ice beast closely misses you.
The orc wizard gestures at you while chanting.
The magic dart hits you.
* * * LOW HITPOINT WARNING * * *
The ice beast hits you.
* * * LOW HITPOINT WARNING * * *
The ice beast freezes you.
* * * LOW HITPOINT WARNING * * *
You hit the ice beast.
The ice beast is heavily wounded.
The orc wizard hits you but does no damage.
The ice beast misses you.
You hit the ice beast but do no damage.
The ice beast is heavily wounded.
The orc wizard closely misses you. The ice beast misses you.
You barely miss the ice beast.
The ice beast is heavily wounded.
The orc wizard hits you but does no damage.
The ice beast hits you.
* * * LOW HITPOINT WARNING * * *
The ice beast freezes you!
You die...

#.###..........## #........#...
#.# #..........######....#.#.###.
#.# #........[.....##....#.....#.
#.# #....######....##......#.#.#.
#.# #...##8)!8##...##........#.#.
#.#####.#8....8#...##....#.......
........+......'...'..>.##.#####.
#.#####.+......Yo..##.#..........
..# #..#8....8#@..##.#....######
..####..##8=}8##...##.#.##.######
..##.....######.....#.#.##<......
..#..###'# #'###...#.#########
..#.##.#.### #...##..#.# #....
....#.#.##.##∆##)#.#..#.# #.###
....#.###..##D#.##.#..#.# #.#
....#)#..####.##)#.#..#.# #.#
#...#.#.##.##..###.#.##.# #.#


You could see an ice beast and an orc wizard.

Vanquished Creatures
  A jelly (D:4)
  A gnoll shaman (D:3)
  Ijyb (D:3)
  Robin (D:2)
  8 adders
  7 gnolls
  An adder skeleton (D:4)
  3 worms
  A dart slug (D:1)
  4 orcs (D:4)
  4 bats
  8 endoplasms
  3 giant cockroaches
  14 goblins
  9 hobgoblins
  5 jackals
  6 kobolds
  3 quokkas
  7 ball pythons
  3 frilled lizards
  A quokka zombie (D:4)
  5 rats
96 creatures vanquished.

Notes
Turn   | Place    | Note
-------+----------+-------------------------------------------
     0 | D:1      | Ablot the Gnoll Warper began the quest for the Orb.
     0 | D:1      | Reached XP level 1. HP: 20/20 MP: 6/6
    58 | D:1      | Reached XP level 2. HP: 18/26 MP: 7/7
    72 | D:1      | Learned a level 2 spell: Blink
   192 | D:1      | Found Rosus's Magic Scroll Shop.
   200 | D:1      | Bought a scroll of identify for 20 gold pieces
   200 | D:1      | Bought a scroll of noise for 10 gold pieces
   234 | D:1      | Found Luiq Sem's Magic Scroll Boutique.
   284 | D:1      | Found Bifir's General Store.
   295 | D:1      | Bought a potion of degeneration for 14 gold pieces
   721 | D:1      | Found Woetedghy's Weapon Shoppe.
   727 | D:1      | Reached XP level 3. HP: 31/31 MP: 9/9
   741 | D:1      | Reached skill level 5 in Spellcasting
   953 | D:2      | Reached skill level 1 in Invocations
  1099 | D:2      | Reached skill level 1 in Short Blades
  1099 | D:2      | Reached skill level 1 in Long Blades
  1099 | D:2      | Reached skill level 1 in Axes
  1099 | D:2      | Reached skill level 1 in Maces & Flails
  1099 | D:2      | Reached skill level 1 in Staves
  1099 | D:2      | Reached skill level 1 in Slings
  1099 | D:2      | Reached skill level 1 in Bows
  1099 | D:2      | Reached skill level 1 in Crossbows
  1099 | D:2      | Reached skill level 1 in Stealth
  1099 | D:2      | Reached skill level 1 in Shields
  1099 | D:2      | Reached skill level 1 in Unarmed Combat
  1099 | D:2      | Reached skill level 1 in Evocations
  1230 | D:2      | Reached XP level 4. HP: 26/38 MP: 11/11
  1812 | D:2      | Reached skill level 1 in Conjurations
  1812 | D:2      | Reached skill level 1 in Hexes
  1812 | D:2      | Reached skill level 1 in Summonings
  1812 | D:2      | Reached skill level 1 in Necromancy
  1812 | D:2      | Reached skill level 1 in Transmutations
  1812 | D:2      | Reached skill level 1 in Fire Magic
  1812 | D:2      | Reached skill level 1 in Ice Magic
  1812 | D:2      | Reached skill level 1 in Air Magic
  1812 | D:2      | Reached skill level 1 in Earth Magic
  1812 | D:2      | Reached skill level 1 in Poison Magic
  2246 | D:2      | Found a faded altar of an unknown god.
  2356 | D:3      | Noticed Robin
  2406 | D:2      | Reached XP level 5. HP: 38/43 MP: 12/12
  2646 | D:2      | Killed Robin
  3071 | D:3      | Noticed Ijyb
  3083 | D:3      | HP: 2/43 [Ijyb/+0 club (3)]
  3103 | D:3      | HP: 2/43 [Ijyb/+0 club (1)]
  3110 | D:3      | Killed Ijyb
  3769 | D:4      | Reached XP level 6. HP: 45/50 MP: 13/13
  3929 | D:4      | Found a large runed translucent door.
  3929 | D:4      | Found a large runed translucent door.
  3930 | D:4      | Noticed an ice beast
  3942 | D:4      | Found a large runed translucent door.
  3942 | D:4      | Found a large runed translucent door.
  4384 | D:3      | Reached skill level 5 in Fighting
  4384 | D:3      | Reached skill level 5 in Polearms
  4384 | D:3      | Reached skill level 5 in Dodging
  4546 | D:4      | Found a snail-covered altar of Cheibriados.
  4948 | D:4      | Noticed a steam dragon
  5232 | D:4      | HP: 2/51 [ice beast (5)]
  5235 | D:4      | Mangled by an ice beast

Illustrated notes

Levels and vault maps discovered:
D:1:      eino_arrival_water_cross, layout_rooms, serial_shops,
          nicolae_shop_crystal, shop, nicolae_shop_crystal,
          nicolae_shop_bloodbath_and_beyond
D:2:      layout_loops_ring, shapermc_ecumenical_altar_pompeii
D:3:      layout_loops_ring, uniq_ijyb, uniq_robin
D:4:      layout_basic, slow_altar_1, minmay_hollow_rounded_squares

Skill      XL: |  1  2  3  4  5  6 |
---------------+-------------------+-----
Spellcasting   | 5 |  5.4
Invocations    | 1 2 |  2.2
Short Blades   | 1 2 |  2.0
Long Blades    | 1 2 |  2.0
Axes           | 1 2 |  2.0
Maces & Flails | 1 2 |  2.0
Staves         | 1 2 |  2.0
Slings         | 1 2 |  2.0
Bows           | 1 2 |  2.0
Crossbows      | 1 2 |  2.0
Stealth        | 1 2 |  2.0
Shields        | 1 2 |  2.0
Unarmed Combat | 1 2 |  2.0
Evocations     | 1 2 |  2.0
Conjurations   | 1 |  1.6
Hexes          | 1 |  1.6
Summonings     | 1 |  1.6
Necromancy     | 1 |  1.6
Transmutations | 1 |  1.6
Fire Magic     | 1 |  1.6
Ice Magic      | 1 |  1.6
Air Magic      | 1 |  1.6
Earth Magic    | 1 |  1.6
Poison Magic   | 1 |  1.6
Throwing       | 3 |  3.3
Armour         | 3 |  3.3
Fighting       | 5 |  5.0
Polearms       | 5 |  5.0
Dodging        | 5 |  5.0
Translocations | |  5.7

Action                   |  1- 3 |  4- 6 || total
-------------------------+-------+-------++-------
Melee: Spear             |   142 |   366 ||   508
       Bite              |     7 |    35 ||    42
       Punch             |       |     7 ||     7
       Staff             |       |    18 ||    18
Throw: Stone             |       |     3 ||     3
  Use: Potion            |       |     2 ||     2
 Stab: Sleeping          |     1 |    14 ||    15
Armor: Leather armour    |    47 |    68 ||   115
Dodge: Dodged            |    90 |   205 ||   295
